 Dungeon Crawl Stone Soup version 0.28-a0-258-g8de209e91f (webtiles) character file.

Game seed: 17045022069910628575

18 runninginthe90s the Caller (level 2, 15/15 HPs)
             Began as a Tengu Summoner on Aug 27, 2021.
             Was a Follower of Yredelemnul.
             Quit the game on level 1 of the Dungeon.
             The game lasted 00:02:38 (970 turns).

runninginthe90s the Caller (Tengu Summoner)          Turns: 970, Time: 00:02:39

Health: 15/15      AC:  2    Str:  8    XL:     2   Next: 66%
Magic:  1/6        EV: 12    Int: 15    God:    Yredelemnul [*.....]
Gold:   19         SH:  0    Dex: 14    Spells: 2/5 levels left

rFire   . . .      SeeInvis .   c - staff of death
rCold   . . .      Faith    +   (no shield)
rNeg    + . .      Spirit   .   a - +0 robe
rPois   .          Reflect  .   (helmet restricted)
rElec   .          Harm     .   (no cloak)
rCorr   .          Rampage  .   (no gloves)
Will    .....                   (boots unavailable)
Stlth   ++........              d - amulet of faith
HPRegen 0.05/turn               (no ring)
MPRegen 0.10/turn               (no ring)

@: no status effects
A: beak, talons 3
a: Renounce Religion, Animate Remains


You were on level 1 of the Dungeon.
You worshipped Yredelemnul.
Yredelemnul was aware of your devotion.
You visited 1 branch of the dungeon, and saw 1 of its levels.

You collected 19 gold pieces.

Inventory:

Armour
 a - a +0 robe (worn)
Magical Staves
 c - a staff of death (weapon)
Jewellery
 d - an amulet of faith (around neck)
Scrolls
 b - a scroll of teleportation {unknown}


   Skills:
 - Level 2.1 Dodging
 - Level 2.0 Stealth
 - Level 2.0 Spellcasting
 + Level 5.7 Summonings


You had 2 spell levels left.
You knew the following spells:

 Your Spells              Type           Power      Damage    Failure   Level
a - Summon Small Mammal   Summ           72%        N/A       1%          1
b - Call Imp              Summ           18%        N/A       3%          2

Your spell library contained the following spells:

 Spells                   Type           Power      Damage    Failure   Level
 Call Canine Familiar     Summ           18%        N/A       6%          3
 Summon Guardian Golem    Hex/Summ       10%        N/A       21%         3
 Summon Lightning Spire   Summ/Air       10%        N/A       56%         4


Dungeon Overview and Level Annotations

Branches:
Dungeon (1/15)

Altars:
Yredelemnul


Innate Abilities, Weirdness & Mutations

You have a beak for a mouth.
You have claws for feet.


Message History

A beastly little devil appears in a puff of flame.
Your crimson imp blinks!
You now have 2/6 mp.
A beastly little devil appears in a puff of frigid air.
Your crimson imp disappears in a puff of smoke!
Your white imp gestures at the endoplasm.
The puff of frost hits the endoplasm!
The endoplasm dies!
Yredelemnul accepts your kill.
You now have 0/6 mp.
Your white imp disappears in a puff of smoke!
A goblin comes into view. It is wielding a +0 club.
MP restored: 6 You miscast Call Imp.
You are very lightly contaminated with residual magic.
Nothing appears to happen.
You now have 4/6 mp.
A beastly little devil appears in a puff of flame.
Your crimson imp says, "You called?"
You now have 2/6 mp.
A beastly little devil appears in a puff of flame.
Your crimson imp says, "You called?"
Your crimson imp disappears in a puff of smoke!
You now have 0/6 mp.
Your crimson imp blinks!
What are your orders? t - Shout!
Orders for allies: a - Attack new target. r - Retreat! s - Stop attacking. g - Guard the area. f - Follow me.
Anything else - Cancel.
Gang up on whom?
Aim: a goblin, wielding a +0 club (asleep, ally target) Attack!
The goblin shouts!
The goblin hits your crimson imp with a +0 club.
Your white imp hits the goblin.
Your white imp freezes the goblin.
The goblin dies!
Yredelemnul accepts your kill.
Your magical contamination has completely faded away.

## #.# .# #.. .## #..##
..# ..... #.# .. #.#
#.###.### #.## ........#
#..# #.###.#.# ##.##
#.#.)55@# ##..#
#.#.#.5.#####.#
###.######.#...........#
555......#.#####.#######
########..............#
######.#.####.......#
#......#.# #.......#
.......#.####.......#
#..............######


You could see 2 friendly crimson imps and a friendly white imp (summoned).

Vanquished Creatures (collateral kills)
  A gnoll (D:1)
  An endoplasm (D:1)
  2 goblins (D:1)
  A hobgoblin (D:1)
  4 jackals (D:1)
  A ball python (D:1)
  3 bats (D:1)
  3 frilled lizards (D:1)
  2 kobolds (D:1)
  A rat (D:1)
19 creatures vanquished.

Notes
Turn   | Place    | Note
-------+----------+-------------------------------------------
     0 | D:1      | runninginthe90s the Tengu Summoner began the quest for the
                  | Orb.
     0 | D:1      | Reached XP level 1. HP: 10/10 MP: 4/4
    49 | D:1      | Reached skill level 5 in Summonings
   151 | D:1      | Found a faded altar of an unknown god.
   464 | D:1      | Reached XP level 2. HP: 15/15 MP: 4/6
   485 | D:1      | Learned a level 2 spell: Call Imp
   755 | D:1      | Became a worshipper of Yredelemnul the Dark
   755 | D:1      | Reached * piety under Yredelemnul
   970 | D:1      | Quit the game

Illustrated notes

Levels and vault maps discovered:
D:1:      roderic_chinese_lattice_arrival, layout_basic,
          ebering_ecumenical_altar_mist, chequers_jeans

Skill      XL: |  1 |
---------------+----+-----
Summonings     | 5 |  5.7
Dodging        | |  2.1
Stealth        | |  2.0
Spellcasting   | |  2.0

Action                   || total
-------------------------++-------
Melee: Staff             ||     8
       Kick              ||     1
       Peck              ||     1
 Cast: Summon Small Mamm ||    28
       Call Imp          ||    11
Armor: Robe              ||     8
Dodge: Dodged            ||    22

Table legend: (Time is in decaauts)
 A = Elapsed time spent in this place.
 B = Non-inter-level travel time spent in this place.
 C = Inter-level travel time spent in this place.
 D = Time resting spent in this place.
 E = Time spent auto-exploring this place.
 F = Levels seen in this place.
 G = Mean time per level.
                   A        B        C        D        E       F      G
               +--------+--------+--------+--------+--------+-----+--------+
         Total |    971 |    891 |     80 |     89 |    568 |   1 |  971.0 |
       Dungeon |    971 |    891 |     80 |     89 |    568 |   1 |  971.0 |
               +--------+--------+--------+--------+--------+-----+--------+

Top non-repeatable levels by time:
     D:1: 971 daAuts
